 Dungeon Crawl Stone Soup version 0.32-a0-859-gb0a091d592 (webtiles) character file.

Game seed: 14596399008187081469

1284 javelincjr the Magician (level 8, -2/61 HPs)
             Began as a Djinni Conjurer on Mar 27, 2024.
             Slain by a steam dragon (3 damage)
             ... on level 5 of the Dungeon.
             The game lasted 00:13:13 (4659 turns).

javelincjr the Magician (Djinni Conjurer)           Turns: 4659, Time: 00:13:14

Health: -2/61      AC:  2    Str:  6    XL:     8   Next: 85%
Gold:   307        EV: 12    Int: 22    God:
                   SH:  0    Dex: 12

rFire   + + .        w - +2 falchion (protect)
rCold   x . .        (no shield)
rNeg    . . .        a - +0 robe
rPois   ∞            (no helmet)
rElec   .            (no cloak)
rCorr   .            (no gloves)
SInv    .            (boots unavailable)
Will    .....        (no amulet)
Stlth   ++           (no ring)
HPRegen 0.30/turn    (no ring)
MPRegen 0.00/turn

%: infuse magic (-3 HP)
@: flying, very slightly contaminated
A: sickness immunity, fire resistance 2, cold vulnerability 1, float, innate
caster, HP casting, extra vitality 1
a: no special abilities


You were on level 5 of the Dungeon.
You visited 1 branch of the dungeon, and saw 6 of its levels.

You collected 307 gold pieces.

Inventory:

Hand Weapons
 f - a +0 dagger
 p - a +4 hand axe
 w - a +2 falchion of protection (weapon)
Missiles
 d - 4 poisoned darts
Armour
 a - a +0 robe (worn)
Jewellery
 k - a ring of ice
Wands
 r - a wand of polymorph (3)
 s - a wand of digging (7)
Scrolls
 c - a scroll of teleportation {unknown}
 i - 2 scrolls of revelation {unknown}
 j - 5 scrolls of identify {unknown}
 l - a scroll of silence {unknown}
 n - 2 scrolls of brand weapon {unknown}
 t - a scroll of blinking {unknown}
 u - 2 scrolls of immolation {unknown}
 v - a scroll of amnesia {unknown}
Potions
 b - 2 potions of curing {unknown}
 e - 3 potions of might {unknown}
 g - 2 potions of ambrosia {unknown}
 h - 2 potions of lignification {unknown}
 m - a potion of degeneration {unknown}
 o - a potion of heal wounds {unknown}
 q - a potion of invisibility {unknown}


   Skills:
 * Level 5.7 Fighting
 + Level 4.8 Dodging
 + Level 3.8 Stealth
 * Level 5.8 Spellcasting
 * Level 5.8 Conjurations
 * Level 5.8 Hexes
   Level 0.0 Charms
 * Level 5.8 Summonings
 * Level 5.8 Necromancy
 * Level 5.8 Translocations
   Level 0.0 Transmutations
 * Level 5.8 Fire Magic
 * Level 5.8 Ice Magic
 * Level 5.8 Air Magic
 * Level 5.8 Earth Magic
 * Level 5.8 Alchemy


You knew the following spells:

 Your Spells              Type           Power      Damage    Failure   Level
a - Magic Dart            Conj           100%       1d8       1%          1
b - Searing Ray           Conj           64%        2d6       1%          2
c - Fulminant Prism       Conj/Alch      16%        3d11      9%          4
d - Iskenderun's Mystic Conj/Tloc 32%            2d8        (+2d4     9%          4
e - Kiss of Death         Conj/Necr      100%       2d13      1%          1
f - Momentum Strike       Conj/Tloc      64%        3d9       1%          2
g - Static Discharge      Conj/Air       64%        3-6/arc   1%          2
Your spell library was empty.

Dungeon Overview and Level Annotations

Branches:
Dungeon (6/15)
 Temple: D:4-7

Altars:
Dithmenos
Yredelemnul

Shops:
D:2 (

Annotations:
D:4 Natasha
D:6 Blork the orc


Innate Abilities, Weirdness & Mutations

You are immune to sickness and miasma.
You are immune to poison.
Your flesh is very heat resistant. (rF++)
You are vulnerable to cold. (rC-)
You float through the air rather than walking.
You learn spells naturally, not from books.
Your magical power is your life essence.
You have superior vitality. (+4 MHP)


Message History

The adder is severely wounded.
The adder is knocked back by the mystic blast.
The adder slams into the rock wall.
You kill the adder!
Casting: Iskenderun's Mystic Blast (dangerous; 9% risk of failure)
Confirm with . or Enter, or press ? or * to list all spells.
Aiming: Searing Ray (safe; 1% risk of failure)
Press: ? - help, Shift-Dir - straight line, f - steam dragon
Aim: a steam dragon (moderately wounded, 81% to hit)
The searing ray hits the steam dragon.
The steam dragon is heavily wounded. (Press . to maintain the ray.)
The steam dragon breathes steam at you. The ball of steam misses you.
Casting: Searing Ray (safe; 1% risk of failure)
Confirm with . or Enter, or press ? or * to list all spells.
Aiming: Searing Ray (safe; 1% risk of failure)
Press: ? - help, Shift-Dir - straight line, f/p - steam dragon
Aim: a steam dragon (heavily wounded, catching its breath, 81% to hit)
The searing ray hits the steam dragon.
The steam dragon is heavily wounded. (Press . to maintain the ray.)
* * * LOW HITPOINT WARNING * * *
The steam dragon closely misses you. The steam dragon barely misses you.
The searing ray hits the steam dragon.
The steam dragon is heavily wounded.
* * * LOW HITPOINT WARNING * * *
The steam dragon misses you. The steam dragon closely misses you.
The searing ray hits the steam dragon.
The steam dragon is severely wounded.
* * * LOW HITPOINT WARNING * * *
The steam dragon breathes steam at you. The ball of steam hits you. You resist.
* * * LOW HITPOINT WARNING * * *
Casting: Searing Ray (safe; 1% risk of failure)
Confirm with . or Enter, or press ? or * to list all spells.
You miscast Iskenderun's Mystic Blast.
Sparks fly from your hands!
* * * LOW HITPOINT WARNING * * *
x2 The steam dragon barely misses you.
The steam dragon claws you.
You die...

.<.#####.......####.##..# #.#####
#..###...##..#.[##..##..# #..#
##......###..##....###..# #..####
##....## #.####........###......
##..## ##.####................#
##..# #..##............##..###
###...####..#...........####..#
............#...D...#..## #..#
............#..§@§....## #..#
...............§§§....# #..#
......###......§§§....#### #..#
............§......[)....###..##
......................)....>...##
.................................
...................[...[......##.
.#....................##....#####
.#...###...#........#......####..


You could see a steam dragon.

Vanquished Creatures
  Sigmund (D:3)
  An ice beast (D:4)
  2 ogres
  A scorpion (D:5)
  3 wights (D:5)
  2 orc priests
  A bombardier beetle (D:4)
  2 hounds (D:5)
  A gnoll bouda (D:5)
  2 orc wizards (D:5)
  2 sleepcaps (D:5)
  An iguana (D:4)
  Natasha (twice) (D:4)
  12 adders
  8 gnolls
  2 dart slugs
  2 ribbon worms (D:3)
  15 orcs
  7 ball pythons
  2 bats (D:1)
  10 endoplasms
  A giant cockroach (D:2)
  6 hobgoblins
  7 kobolds
  8 quokkas
  6 frilled lizards
  5 rats
112 creatures vanquished.

Vanquished Creatures (others)
  3 fulminant prisms
3 creatures vanquished.

Grand Total: 115 creatures vanquished

Notes
Turn   | Place    | Note
-------+----------+-------------------------------------------
     0 | D:1      | javelincjr the Djinni Conjurer began the quest for the Orb.
     0 | D:1      | javelincjr set off with the following spells memorised:
                  | Magic Dart, Searing Ray, Fulminant Prism, Iskenderun's
                  | Mystic Blast.
     0 | D:1      | Reached XP level 1. HP: 15/15 MP: 0/0
   163 | D:1      | Reached XP level 2. HP: 20/22 MP: 0/0
   312 | D:1      | Reached skill level 1 in Fighting
   518 | D:1      | Reached XP level 3. HP: 26/27 MP: 0/0
   518 | D:1      | Learned a level 1 spell: Kiss of Death
   868 | D:2      | Reached XP level 4. HP: 17/33 MP: 0/0
  1091 | D:2      | Found Edeexuf's Weapon Boutique.
  1218 | D:2      | Reached XP level 5. HP: 31/38 MP: 0/0
  1218 | D:2      | Learned a level 2 spell: Momentum Strike
  1972 | D:3      | Noticed Sigmund
  1985 | D:3      | Killed Sigmund
  1986 | D:3      | Reached XP level 6. HP: 27/46 MP: 0/0
  1995 | D:3      | Found a shadowy altar of Dithmenos.
  2200 | D:4      | Noticed Natasha
  2210 | D:4      | Killed Natasha
  2211 | D:4      | Reached XP level 7. HP: 37/50 MP: 0/0
  2211 | D:4      | Learned a level 2 spell: Static Discharge
  2426 | D:4      | Found a basalt altar of Yredelemnul.
  2466 | D:4      | Reached skill level 5 in Spellcasting
  2466 | D:4      | Reached skill level 5 in Conjurations
  2466 | D:4      | Reached skill level 5 in Hexes
  2466 | D:4      | Reached skill level 5 in Summonings
  2466 | D:4      | Reached skill level 5 in Necromancy
  2466 | D:4      | Reached skill level 5 in Translocations
  2466 | D:4      | Reached skill level 5 in Fire Magic
  2466 | D:4      | Reached skill level 5 in Ice Magic
  2466 | D:4      | Reached skill level 5 in Air Magic
  2466 | D:4      | Reached skill level 5 in Earth Magic
  2466 | D:4      | Reached skill level 5 in Alchemy
  2962 | D:4      | Noticed Natasha
  2969 | D:4      | Killed Natasha
  3133 | D:4      | Noticed Natasha
  3151 | D:5      | Entered Level 5 of the Dungeon
  3171 | D:5      | Reached XP level 8. HP: 52/58 MP: 0/0
  3295 | D:5      | Reached skill level 5 in Fighting
  4646 | D:6      | Noticed Blork the orc
  4659 | D:5      | HP: 1/61 [something (8)]
  4659 | D:5      | Slain by a steam dragon

Illustrated notes

Levels and vault maps discovered:
D:1:      erik_arrival_blinker_ship, layout_basic,
          corexii_item_surrounded_by_moat
D:2:      layout_rooms, basic_altar, serial_shops, shop
D:3:      layout_rooms, overflow_temple_1_default,
          nicolae_overflow_crystal_walls, dreamdust_wishing_well, uniq_sigmund
D:4:      layout_loops_ring, mainiacjoe_overflow_brackets, uniq_natasha
D:5:      layout_layer_cave, minmay_misc_feat_secret_circle
D:6:      layout_cave_pools, mainiacjoe_overflow_alcove_2,
          nzn_hepliaklqana_mist_gate, cheibriados_altar_1, uniq_blork_the_orc

Skill      XL: |  1  2  3  4  5  6  7  8 |
---------------+-------------------------+-----
Fighting       | 1 2 3 4 5 |  5.7
Stealth        | 2 3 |  3.8
Spellcasting   | 4 5 |  5.8
Conjurations   | 4 5 |  5.8
Hexes          | 4 5 |  5.8
Summonings     | 4 5 |  5.8
Necromancy     | 4 5 |  5.8
Translocations | 4 5 |  5.8
Fire Magic     | 4 5 |  5.8
Ice Magic      | 4 5 |  5.8
Air Magic      | 4 5 |  5.8
Earth Magic    | 4 5 |  5.8
Alchemy        | 4 5 |  5.8
Dodging        | 3 4 |  4.8

Action                     |  1- 3 |  4- 6 |  7- 9 || total
---------------------------+-------+-------+-------++-------
  Melee: Hand axe          |       |       |     5 ||     5
   Cast: Magic Dart        |    62 |    95 |    76 ||   233
         Searing Ray       |       |    10 |    19 ||    29
         Fulminant Prism   |       |       |     3 ||     3
         Iskenderun's Myst |       |       |    12 ||    12
 Armour: Robe              |    11 |    10 |    24 ||    45
  Dodge: Dodged            |     5 |    11 |    28 ||    44

Table legend: (Time is in decaauts)
 A = Elapsed time spent in this place.
 B = Non-inter-level travel time spent in this place.
 C = Inter-level travel time spent in this place.
 D = Time resting spent in this place.
 E = Time spent auto-exploring this place.
 F = Levels seen in this place.
 G = Mean time per level.
                   A        B        C        D        E       F      G
               +--------+--------+--------+--------+--------+-----+--------+
         Total |   4666 |   4555 |    111 |    367 |   3487 |   6 |  777.7 |
       Dungeon |   4666 |   4555 |    111 |    367 |   3487 |   6 |  777.7 |
               +--------+--------+--------+--------+--------+-----+--------+

Top non-repeatable levels by time:
     D:5: 1496 daAuts
     D:4: 969 daAuts
     D:1: 847 daAuts
     D:3: 724 daAuts
     D:2: 615 daAuts
     D:6: 12 daAuts
